3186 views
Uploaded 2020-04-26 10:47:02
Game version 1.32.3
10:18 long 2on2 ladder game on (4)TidewaterGlades_LV
Saved by zebroni
3186 views
Uploaded 2020-04-26 10:47:02
Game version 1.32.3
10:18 long 2on2 ladder game on (4)TidewaterGlades_LV
45 units @ 6.2k
/ 0.5k
18 buildings @ 2.9k
/ 1k


| Healing Salve | 3 | 300 |
| Lesser Clarity Potion | 2 | 140 |
| Scroll of Speed | 2 | 100 |
| total: | 7 | 540g |
| Peon | 7 | 525 | / | 0 |
| Grunt | 7 | 1400 | / | 0 |
| Raider | 3 | 540 | / | 120 |
| Spirit Walker | 2 | 390 | / | 70 |
| Furbolg Shaman | 1 | 255 | / | 30 |
| total: | 20 | 3110g | / | 220w |
| Altar of Storms | 1 | 180 | / | 50 |
| Orc Burrow | 4 | 640 | / | 160 |
| Barracks | 1 | 180 | / | 50 |
| Voodoo Lounge | 1 | 130 | / | 30 |
| Beastiary | 1 | 145 | / | 140 |
| Tauren Totem | 1 | 135 | / | 155 |
| Stronghold | 1 | 315 | / | 190 |
| total: | 9 | 1410g | / | 585w |
| 0:01 | Peon |
| 0:02 | Peon |
| 0:08 | Altar of Storms |
| 0:17 | Orc Burrow |
| 0:26 | Peon |
| 0:34 | Barracks |
| 0:43 | Peon |
| 0:52 | Peon |
| 1:12 | Peon |
| 1:24 | Orc Burrow |
| 1:36 | Grunt |
| 1:43 | Peon |
| 1:59 | Voodoo Lounge |
| 2:10 | Wind Walk |
| 2:24 | Grunt |
| 2:52 | Stronghold |
| 3:28 | Grunt |
| 3:31 | Orc Burrow |
| 4:02 | Healing Salve |
| 4:02 | Lesser Clarity Potion |
| 4:02 | Scroll of Speed |
| 4:15 | Grunt |
| 4:43 | Critical Strike |
| 5:37 | Beastiary |
| 5:50 | Tauren Totem |
| 5:51 | Berserker Strength |
| 6:09 | Orc Burrow |
| 6:10 | Hex |
| 6:11 | Healing Salve |
| 6:11 | Lesser Clarity Potion |
| 6:11 | Scroll of Speed |
| 6:44 | Raider |
| 6:44 | Ensnare |
| 6:50 | Furbolg Shaman |
| 7:48 | Grunt |
| 7:49 | Raider |
| 7:50 | Spirit Walker |
| 7:54 | Healing Salve |
| 8:38 | Critical Strike |
| 8:39 | Healing Wave |
| 9:44 | Grunt |
| 9:45 | Spirit Walker |
| 9:45 | Raider |
| 10:14 | Grunt |

| Lesser Clarity Potion | 1 | 70 |
| total: | 1 | 70g |
| Wisp | 13 | 780 | / | 0 |
| Huntress | 12 | 2340 | / | 240 |
| total: | 25 | 3120g | / | 240w |
| Altar of Elders | 1 | 180 | / | 50 |
| Moon Well | 4 | 720 | / | 160 |
| Ancient of War | 2 | 300 | / | 120 |
| Hunter's Hall | 1 | 210 | / | 100 |
| Ancient of Wonders | 1 | 90 | / | 30 |
| Tree of Ages | 1 | 320 | / | 180 |
| total: | 9 | 1500g | / | 460w |
| 0:04 | Wisp |
| 0:04 | Wisp |
| 0:10 | Altar of Elders |
| 0:20 | Moon Well |
| 0:21 | Wisp |
| 0:23 | Wisp |
| 0:37 | Wisp |
| 0:37 | Wisp |
| 0:45 | Wisp |
| 1:10 | Wisp |
| 1:37 | Wisp |
| 1:37 | Wisp |
| 1:46 | Wisp |
| 1:59 | Ancient of War |
| 2:03 | Hunter's Hall |
| 2:17 | Moon Well |
| 2:24 | Entangling Roots |
| 2:29 | Wisp |
| 3:29 | Ancient of War |
| 3:31 | Huntress |
| 3:36 | Moon Well |
| 3:37 | Wisp |
| 3:48 | Huntress |
| 3:51 | Ultravision |
| 4:17 | Huntress |
| 4:46 | Huntress |
| 5:00 | Huntress |
| 5:08 | Huntress |
| 5:29 | Ancient of Wonders |
| 5:44 | Huntress |
| 6:24 | Huntress |
| 6:35 | Huntress |
| 6:53 | Moon Well |
| 6:56 | Lesser Clarity Potion |
| 7:33 | Huntress |
| 8:07 | Force of Nature |
| 8:46 | Huntress |
| 8:48 | Tree of Ages |
| 10:02 | Huntress |
44 units @ 6.5k
/ 0.6k
24 buildings @ 3.1k
/ 1k


| Lesser Clarity Potion | 2 | 140 |
| Potion of Healing | 1 | 150 |
| total: | 3 | 290g |
| Peasant | 8 | 600 | / | 0 |
| Footman | 4 | 540 | / | 0 |
| Rifleman | 11 | 2255 | / | 330 |
| total: | 23 | 3395g | / | 330w |
| Scout Tower | 1 | 30 | / | 20 |
| Altar of Kings | 1 | 180 | / | 50 |
| Farm | 7 | 560 | / | 140 |
| Barracks | 2 | 320 | / | 120 |
| Blacksmith | 1 | 140 | / | 60 |
| Arcane Vault | 2 | 260 | / | 60 |
| Keep | 1 | 320 | / | 210 |
| total: | 14 | 1490g | / | 450w |
| 0:02 | Peasant |
| 0:02 | Peasant |
| 0:04 | Altar of Kings |
| 0:18 | Farm |
| 0:20 | Barracks |
| 0:27 | Peasant |
| 0:44 | Peasant |
| 0:48 | Farm |
| 0:55 | Peasant |
| 1:15 | Peasant |
| 1:22 | Footman |
| 1:28 | Farm |
| 1:36 | Footman |
| 1:44 | Peasant |
| 1:51 | Peasant |
| 2:06 | Summon Water Elemental |
| 2:07 | Footman |
| 2:48 | Keep |
| 2:55 | Blacksmith |
| 3:03 | Footman |
| 3:23 | Brilliance Aura |
| 3:33 | Farm |
| 3:44 | Rifleman |
| 3:50 | Barracks |
| 4:24 | Rifleman |
| 4:36 | Rifleman |
| 4:52 | Rifleman |
| 5:48 | Black Gunpowder |
| 5:49 | Farm |
| 5:58 | Summon Water Elemental |
| 6:18 | Farm |
| 6:25 | Long Rifles |
| 6:49 | Holy Light |
| 6:51 | Rifleman |
| 7:01 | Farm |
| 7:12 | Arcane Vault |
| 7:14 | Arcane Vault |
| 7:45 | Rifleman |
| 8:01 | Lesser Clarity Potion |
| 8:01 | Lesser Clarity Potion |
| 8:13 | Rifleman |
| 8:40 | Rifleman |
| 8:41 | Rifleman |
| 9:13 | Potion of Healing |
| 9:17 | Rifleman |
| 9:31 | Brilliance Aura |
| 9:54 | Rifleman |
| 10:16 | Scout Tower |


| Healing Salve | 3 | 300 |
| Lesser Clarity Potion | 4 | 280 |
| Scroll of Speed | 2 | 100 |
| Scroll of Regeneration | 1 | 100 |
| total: | 10 | 780g |
| Peon | 9 | 675 | / | 0 |
| Grunt | 6 | 1200 | / | 0 |
| Raider | 3 | 540 | / | 120 |
| Spirit Walker | 2 | 390 | / | 70 |
| Kodo Beast | 1 | 255 | / | 60 |
| total: | 21 | 3060g | / | 250w |
| Altar of Storms | 1 | 180 | / | 50 |
| Orc Burrow | 4 | 640 | / | 160 |
| Barracks | 1 | 180 | / | 50 |
| Voodoo Lounge | 1 | 130 | / | 30 |
| War Mill | 1 | 205 | / | 0 |
| Beastiary | 1 | 145 | / | 140 |
| Tauren Totem | 1 | 135 | / | 155 |
| Stronghold | 2 | 630 | / | 380 |
| total: | 10 | 1615g | / | 585w |
| 0:02 | Peon |
| 0:02 | Peon |
| 0:07 | Altar of Storms |
| 0:17 | Orc Burrow |
| 0:28 | Peon |
| 0:34 | Barracks |
| 0:43 | Peon |
| 0:58 | Peon |
| 1:14 | Peon |
| 1:24 | Voodoo Lounge |
| 1:29 | Peon |
| 1:36 | Grunt |
| 1:37 | Grunt |
| 1:44 | Peon |
| 1:44 | Peon |
| 2:06 | Wind Walk |
| 2:21 | Stronghold |
| 2:43 | Healing Salve |
| 2:44 | Healing Salve |
| 2:44 | Lesser Clarity Potion |
| 2:44 | Scroll of Speed |
| 2:55 | Orc Burrow |
| 3:39 | Orc Burrow |
| 3:49 | Grunt |
| 4:20 | Grunt |
| 4:42 | Critical Strike |
| 5:24 | Beastiary |
| 5:27 | Tauren Totem |
| 6:14 | Healing Salve |
| 6:14 | Lesser Clarity Potion |
| 6:14 | Scroll of Speed |
| 6:15 | War Stomp |
| 6:21 | Grunt |
| 6:22 | War Mill |
| 6:24 | Orc Burrow |
| 6:34 | Raider |
| 6:35 | Ensnare |
| 6:35 | Berserker Strength |
| 6:52 | Spirit Walker |
| 7:26 | Wind Walk |
| 7:47 | Raider |
| 7:48 | Spirit Walker |
| 8:04 | Kodo Beast |
| 8:48 | Endurance Aura |
| 8:50 | Raider |
| 8:50 | Grunt |
| 9:16 | Spirit Walker Adept Training |
| 9:51 | Lesser Clarity Potion |
| 9:51 | Lesser Clarity Potion |
| 9:51 | Scroll of Regeneration |
| 10:12 | War Stomp |